 Dungeon Crawl Stone Soup version 0.22-a0-136-g83a10e5 (webtiles) character file.

14076 pkoi the Carver (level 11, -5/99 HPs)
             Began as a Minotaur Hunter on Feb 4, 2018.
             Was a High Priest of Okawaru.
             Slain by a fire crab (9 damage)
             ... on level 2 of the Lair of Beasts.
             The game lasted 00:23:03 (13338 turns).

pkoi the Carver (Minotaur Hunter)                  Turns: 13338, Time: 00:23:03

Health: -5/99      AC: 22    Str: 21    XL:     11   Next: 84%
Magic:  10/10      EV:  8    Int:  6    God:    Okawaru [*****.]
Gold:   695        SH:  2    Dex:  5    Spells: 10/10 levels left

rFire    . . .     SeeInvis .   b - +0 long sword (slice)
rCold    . . .     Gourm    .   E - +0 buckler {reflect}
rNeg     . . .     Faith    .   m - +4 plate armour of the Nine Planets {+Fly rPois Dex-5}
rPois    +         Spirit   .   (helmet restricted)
rElec    .         Reflect  +   L - scarf {repulsion}
rCorr    .         Harm     .   I - +0 pair of gloves
MR       .....                  J - +1 pair of boots
Stlth    ..........             (no amulet)
HPRegen  0.26/turn              x - ring of poison resistance
MPRegen  0.12/turn              F - ring of stealth

@: repel missiles
A: retaliatory headbutt, horns 2, dopey 1, wild magic 1
a: Heroism, Finesse, Renounce Religion, Evoke Flight


You were on level 2 of the Lair of Beasts.
You worshipped Okawaru.
Okawaru was extremely pleased with you.
You were not hungry.

You visited 3 branches of the dungeon, and saw 14 of its levels.
You also visited: Bailey.

You collected 695 gold pieces.

Inventory:

Hand Weapons
 a - a +2 hand crossbow
 b - a +0 long sword of slicing (weapon)
 n - a +0 falchion
Missiles
 d - 117 bolts
Armour
 m - the +4 plate armour of the Nine Planets (worn) {+Fly rPois Dex-5}
   (You took it off a kobold in a bailey)

   It affects your dexterity (-5).
   It protects you from poison.
   It lets you fly.
 r - a +1 cloak of magic resistance
 E - a +0 buckler of reflection (worn)
 I - a +0 pair of gloves (worn)
 J - a +1 pair of boots (worn)
 L - a scarf of repulsion (worn)
Jewellery
 e - an uncursed ring of flight
 x - a ring of poison resistance (left hand)
 F - a ring of stealth (right hand)
Wands
 h - a wand of acid (3)
 y - a wand of disintegration (36)
 A - a wand of enslavement (44)
Scrolls
 i - 5 scrolls of immolation
 l - a scroll of enchant armour
 q - 13 scrolls of identify
 v - 10 scrolls of teleportation
 B - a scroll of magic mapping
 C - 2 scrolls of enchant weapon
 D - 6 scrolls of remove curse
Potions
 g - a potion of magic
 j - 4 potions of agility
 k - 2 potions of curing
 p - 2 potions of heal wounds
 s - 5 potions of flight
 t - 2 potions of lignification
 u - a potion of invisibility
 w - 4 potions of mutation
 z - 2 potions of might
 H - 3 potions of haste
Books
 G - a book of Air

   Spells                             Type                      Level
   a - Shock                          Conjuration/Air              1
   b - Swiftness                      Charms/Air                   2
   c - Static Discharge               Conjuration/Air              3
   d - Airstrike                      Air                          4
   e - Lightning Bolt                 Conjuration/Air              5
Miscellaneous
 c - a lamp of fire
 K - a lightning rod (4/4)
Comestibles
 f - 25 rations
 o - 6 chunks of flesh


   Skills:
 + Level 10.0 Fighting
 + Level 11.3 Long Blades
 - Level 10.9 Crossbows
 + Level 9.6 Armour
 + Level 9.2 Dodging
 - Level 0.7 Stealth
 + Level 1.0 Shields


You had 10 spell levels left.
You didn't know any spells.

Dungeon Overview and Level Annotations

Branches:
Dungeon (11/15)            Temple (1/1) D:4            Lair (2/6) D:10
  Swamp: Lair:2-4    Shoals: Lair:2-4     Snake: Lair:2-4    Spider: Lair:2-4
    Orc: D:9-12

Altars:
Ashenzari
Cheibriados
Dithmenos
Elyvilon
Fedhas
Gozag
Hepliaklqana
Kikubaaqudgha
Makhleb
Nemelex Xobeh
Okawaru
Qazlal
Ru
Sif Muna
Trog
Uskayaw
Vehumet
Wu Jian
Xom
Yredelemnul
Zin
The Shining One
Jiyva

Shops:
D:4 *   D:5 [


Innate Abilities, Weirdness & Mutations

You reflexively headbutt those who attack you in melee.
You have a pair of horns on your head.
You are dopey. (Int -2)
Your spells are a little harder to cast, but a little more powerful.


Message History

The fire crab breathes flames at you. The blast of flame engulfs you!
You feel much better.
You are engulfed in blazing flames.
* * * LOW HITPOINT WARNING * * *
The fire crab bites you.
* * * LOW HITPOINT WARNING * * *
You are engulfed in flames!
* * * LOW HITPOINT WARNING * * *
The fire crab completely misses you.
You are engulfed in blazing flames.
* * * LOW HITPOINT WARNING * * *
The fire crab breathes flames at you. The blast of flame engulfs you!
You are engulfed in blazing flames.
* * * LOW HITPOINT WARNING * * *
The fire crab breathes flames at you. The blast of flame engulfs you!
The fire crab bites you but does no damage.
The fire crab claws you!
You die...

....................###...#######
.....................#....#.#.#..
.......[.(.(.....................
...........(..........PP........#
#.####...............###...P.####
### #.#.......§§§§§...###..P.P#.#
###.......§§§§§..## #........
#P......(§§§§.## ##........
##.......t@.§#####......... .
##........§..# #........... .#
##..##.......## #...........
..####..#.##.....## ##...........
#...#.r..#####..## #P...........
#....#P### #### ####.........
####.### ##........ #.>P#
##.....P# #..## ##....##


You could see a fire crab.

Vanquished Creatures
  A tengu warrior (D:10)
  3 two-headed ogres (D:10)
  Sonja (Lair:1)
  2 unseen horrors
  Maurice (D:8)
  A black mamba (Lair:1)
  Psyche (D:10)
  A spiny frog (Lair:1)
  A komodo dragon (Lair:2)
  2 trolls (D:10)
  4 blink frogs (Lair:1)
  Prince Ribbit (D:5)
  A slime creature (D:7)
  3 hippogriffs
  7 yaks
  A basilisk (Lair:1)
  3 wargs (D:10)
  2 acid dragons (D:10)
  A porcupine (Lair:1)
  5 water moccasins
  8 orc warriors
  2 ice beasts (D:10)
  3 sky beasts
  A black bear (D:8)
  A centaur (D:9)
  A necrophage (D:9)
  An ogre (D:4)
  2 crocodiles
  9 bullfrogs
  A wyvern skeleton (D:10)
  3 scorpions
  4 wights (D:7)
  A howler monkey (D:4)
  2 crimson imps
  A centaur zombie (D:6)
  A bullfrog zombie (D:10)
  7 hounds
  4 orc wizards
  6 orc priests
  2 centaur skeletons
  2 jellies (D:9)
  Crazy Yiuf (D:2)
  A bullfrog skeleton (D:5)
  Natasha (thrice) (D:2)
  6 iguanas
  7 worker ants
  A hound skeleton (D:4)
  A worker ant zombie (D:8)
  A howler monkey skeleton (D:10)
  13 adders
  4 gnolls (D:4)
  2 shadow imps
  An ooze (D:7)
  An adder zombie (D:7)
  An adder skeleton (D:8)
  A worm (D:2)
  3 dart slugs
  3 leopard geckos
  23 orcs
  8 bats
  6 giant cockroaches
  9 goblins
  8 hobgoblins
  11 jackals
  6 quokkas
  2 ball pythons
  3 frilled lizards
  A jackal skeleton (D:5)
  18 kobolds
  A quokka zombie (D:6)
  9 rats
  A bush (D:9)
  2 plants
262 creatures vanquished.

Vanquished Creatures (others)
  A fungus (Lair:2)
1 creature vanquished.

Grand Total: 263 creatures vanquished

Notes
Turn   | Place    | Note
-------+----------+-------------------------------------------
     0 | D:1      | pkoi the Minotaur Hunter began the quest for the Orb.
     0 | D:1      | Reached XP level 1. HP: 18/18 MP: 0/0
   196 | D:1      | Reached XP level 2. HP: 25/25 MP: 1/1
   202 | D:1      | Reached skill level 5 in Crossbows
   659 | D:2      | Found a snail-covered altar of Cheibriados.
   808 | D:2      | Noticed Natasha
   813 | D:2      | Killed Natasha
   813 | D:2      | Reached XP level 3. HP: 30/30 MP: 2/2
   954 | D:2      | Noticed Natasha
   957 | D:2      | Killed Natasha
   957 | D:2      | Reached XP level 4. HP: 32/37 MP: 3/3
  1169 | D:2      | Noticed Natasha
  1174 | D:2      | Killed Natasha
  1580 | D:2      | Found a runed door.
  1584 | D:2      | Noticed Crazy Yiuf
  1588 | D:2      | Killed Crazy Yiuf
  1588 | D:2      | Reached XP level 5. HP: 42/42 MP: 4/4
  1975 | D:3      | Found a bloodstained altar of Trog.
  2308 | D:4      | Noticed a sky beast
  2311 | D:4      | Killed a sky beast
  2311 | D:4      | Reached XP level 6. HP: 50/50 MP: 5/5
  2572 | D:4      | Found a staircase to the Ecumenical Temple.
  2618 | Temple   | Entered the Ecumenical Temple
  2749 | Temple   | Became a worshipper of Warmaster Okawaru
  2817 | D:4      | Found a shattered altar of Ashenzari.
  3107 | D:4      | Reached XP level 7. HP: 53/56 MP: 6/6
  3372 | D:4      | Found Lohotuz's Assorted Antiques.
  3550 | D:5      | Entered Level 5 of the Dungeon
  3550 | D:5      | Found Ypaixkog's Armour Boutique.
  3568 | D:5      | Reached skill level 1 in Long Blades
  3592 | D:5      | Reached skill level 2 in Long Blades
  3638 | D:5      | Found a basalt altar of Yredelemnul.
  3643 | D:5      | Noticed Prince Ribbit
  3650 | D:5      | Killed Prince Ribbit
  3650 | D:5      | Reached * piety under Okawaru
  3650 | D:5      | Reached skill level 3 in Long Blades
  3650 | D:5      | Reached skill level 10 in Crossbows
  3685 | D:5      | Reached skill level 4 in Long Blades
  3731 | D:5      | Reached XP level 8. HP: 46/62 MP: 7/7
  4007 | D:5      | Found a burning altar of Makhleb.
  4007 | D:5      | Noticed a cacodemon
  4036 | D:5      | Reached skill level 5 in Long Blades
  4350 | D:6      | Gained mutation: You are dopey. (Int -2) [potion of mutation]
  4350 | D:6      | Gained mutation: Your spells are a little harder to cast, but a little more powerful. [potion of mutation]
  4387 | D:6      | Found a hide-covered altar of Uskayaw.
  4387 | D:6      | Noticed a hand axe
  4387 | D:6      | Noticed a dagger
  4833 | D:6      | Reached ** piety under Okawaru
  4833 | D:6      | Reached skill level 6 in Long Blades
  5249 | D:7      | Found a stormy altar of Qazlal.
  5358 | D:7      | Killed an unseen horror
  5358 | D:7      | Reached XP level 9. HP: 59/71 MP: 8/8
  5396 | D:7      | Reached skill level 7 in Long Blades
  5484 | D:7      | Reached *** piety under Okawaru
  5570 | D:7      | Found an opulent altar of Gozag.
  5816 | D:8      | Noticed Maurice
  5831 | D:8      | Killed Maurice
  5831 | D:8      | Reached skill level 5 in Fighting
  5894 | D:8      | Reached skill level 5 in Dodging
  5921 | D:8      | Found a white marble altar of Elyvilon.
  6145 | D:8      | Reached skill level 8 in Long Blades
  6152 | D:8      | Reached skill level 5 in Armour
  6205 | D:8      | Found a flagged portal.
  6216 | Bailey   | Entered a bailey
  6290 | Bailey   | Got a faintly glowing plate armour
  6637 | Bailey   | Reached **** piety under Okawaru
  6872 | Bailey   | Reached XP level 10. HP: 84/84 MP: 9/9
  7060 | Bailey   | Found the +10 Black Knight's horse barding {ponderous, rPois rN+}
  7132 | Bailey   | Identified the +4 plate armour of the Nine Planets {+Fly rPois Dex-5} (You took it off a kobold in a bailey)
  7533 | D:8      | Found an ancient bone altar of Kikubaaqudgha.
  7533 | D:8      | Found a glowing silver altar of Zin.
  7867 | D:9      | Found an ornate altar of the Wu Jian Council.
  8394 | D:9      | Found a blossoming altar of Fedhas.
  8401 | D:9      | Received a gift from Okawaru
  8631 | D:9      | Found a sparkling altar of Nemelex Xobeh.
  9063 | D:10     | Entered Level 10 of the Dungeon
  9281 | D:10     | Reached skill level 9 in Long Blades
  9633 | D:10     | Found a staircase to the Lair.
  9775 | D:10     | Noticed Psyche
  9783 | D:10     | Killed Psyche
 10012 | D:10     | Noticed a two-headed ogre
 10019 | D:10     | Killed a two-headed ogre
 10151 | D:10     | Received a gift from Okawaru
 10243 | D:10     | Noticed a tengu warrior
 10280 | D:10     | Killed a tengu warrior
 10280 | D:10     | Received a gift from Okawaru
 10280 | D:10     | Reached ***** piety under Okawaru
 10280 | D:10     | Reached skill level 10 in Long Blades
 10557 | D:10     | Reached XP level 11. HP: 71/95 MP: 10/10
 10685 | D:10     | Noticed a two-headed ogre
 10692 | D:10     | Killed a two-headed ogre
 10749 | D:10     | Found a burning altar of Makhleb.
 10789 | D:10     | Noticed a two-headed ogre
 10797 | D:10     | Killed a two-headed ogre
 10797 | D:10     | Received a gift from Okawaru
 10838 | D:10     | Killed an unseen horror
 11265 | D:11     | Noticed a red ugly thing
 11316 | D:10     | Received a gift from Okawaru
 11365 | Lair:1   | Entered Level 1 of the Lair of Beasts
 11694 | Lair:1   | Received a gift from Okawaru
 11732 | Lair:1   | Noticed Sonja
 11744 | Lair:1   | Killed Sonja
 12080 | Lair:1   | Reached skill level 11 in Long Blades
 13224 | Lair:2   | Reached skill level 10 in Fighting
 13224 | Lair:2   | Reached skill level 1 in Shields
 13324 | Lair:2   | Noticed a fire crab
 13337 | Lair:2   | HP: 4/99 [fire crab] (3)]
 13338 | Lair:2   | Slain by a fire crab

Vault maps used:
D:1:      dpeg_arrival_stonehenge_12_columns
D:2:      kennysheep_slug_shrine, uniq_natasha, uniq_crazy_yiuf_cottage
D:3:      lemuel_doored_altar, first_ration
D:4:      ashenzari_conservatory_becter, minmay_temple_entry_statues_pillars,
          serial_shops, kennysheep_mini
D:5:      basic_altar, serial_shops, shop, makhleb_altar_promises_db,
          uniq_prince_ribbit1
D:6:      dancing_weapons_uskayaw
D:7:      minmay_opposing_rooms, lemuel_crystal_altar, grunt_gozag_statues
D:8:      old_standard_altar, gammafunk_temple_overflow_wave, enter_bailey_8,
          kennysheep_nub, uniq_maurice
D:9:      nemelex_xobeh_ov_fountains_minmay, fedhas_bush_and_centaur_altar,
          basic_altar
D:10:     minmay_the_grid_four_pointed_star_mashed, erik_lair_orcish_takeover,
          uniq_psyche
D:11:     orc_0_dummy
Temple:   pf_slime_end_temple
Lair:1:   lemuel_fruit_tree, grunt_megastairs_5, uniq_sonja
Lair:2:   patterned_corridor
Bailey:   bailey_axe_4, bailey

Skill      XL: |  1  2  3  4  5  6  7  8  9 10 11 |
---------------+----------------------------------+-----
Crossbows      | 5 6 7 8 9 10 | 10.9
Long Blades    | 4 6 8 10 11 | 11.3
Fighting       | 3 6 8 10 | 10.0
Armour         | 2 5 7 9 |  9.6
Dodging        | 3 5 7 9 |  9.2
Shields        | 1 |  1.0
Stealth        | |  0.7

Action                   |  1- 3 |  4- 6 |  7- 9 | 10-12 || total
-------------------------+-------+-------+-------+-------++-------
Melee: Short sword       |     1 |       |       |       ||     1
       Mace              |     8 |       |       |    78 ||    86
       Headbutt          |     1 |       |     2 |    26 ||    29
       Hand crossbow     |       |       |     2 |     1 ||     3
       Falchion          |       |       |     9 |       ||     9
       Long sword        |       |       |       |     8 ||     8
 Fire: Hand crossbow     |    51 |   131 |   344 |   431 ||   957
  Use: Scroll            |       |     7 |     4 |     4 ||    15
       Potion            |       |     2 |    10 |     2 ||    14
 Stab: Invisible         |       |       |     1 |       ||     1
  Eat: Chunk             |       |     5 |    13 |    13 ||    31
       Ration            |       |       |       |     2 ||     2
Armor: Leather armour    |     3 |    17 |    52 |     3 ||    75
       Plate armour      |       |       |       |   269 ||   269
Dodge: Dodged            |    16 |    34 |    88 |   109 ||   247
       Deflected         |       |       |       |     3 ||     3
Block: Buckler           |       |       |       |    17 ||    17
       Reflection        |       |       |       |     2 ||     2
       Rpst.: Falchion   |       |       |     1 |       ||     1

Table legend:
 A = Spawn XP
 B = Non-spawn XP
 C = Spawn XP percentage of total XP
 D = Spawn monster count
 E = Non-spawn monster count
 F = Spawn count percentage of total count
 G = Total turns spent on level
                    A         B        C        D         E        F      G
               +---------+---------+-------+---------+---------+-------+---------
         Total |       0 |   20109 |   0.0 |       0 |     259 |   0.0 | 13338
               +---------+---------+-------+---------+---------+-------+---------
           D:1 |       0 |      34 |   0.0 |       0 |      19 |   0.0 |   659
           D:2 |       0 |     180 |   0.0 |       0 |      23 |   0.0 |  1035
           D:3 |       0 |      40 |   0.0 |       0 |      14 |   0.0 |   655
           D:4 |       0 |     567 |   0.0 |       0 |      19 |   0.0 |  1056
           D:5 |       0 |     905 |   0.0 |       0 |      31 |   0.0 |   792
           D:6 |       0 |     383 |   0.0 |       0 |      11 |   0.0 |   742
           D:7 |       0 |    1586 |   0.0 |       0 |      18 |   0.0 |   687
           D:8 |       0 |    1001 |   0.0 |       0 |      12 |   0.0 |  1100
           D:9 |       0 |     684 |   0.0 |       0 |      16 |   0.0 |  1452
          D:10 |       0 |    8469 |   0.0 |       0 |      47 |   0.0 |  2212
          D:11 |       0 |      88 |   0.0 |       0 |       1 |   0.0 |     9
        Lair:1 |       0 |    4500 |   0.0 |       0 |      17 |   0.0 |  1493
        Lair:2 |       0 |     715 |   0.0 |       0 |       4 |   0.0 |   354
        Bailey |       0 |     957 |   0.0 |       0 |      27 |   0.0 |   947
               +---------+---------+-------+---------+---------+-------+---------
